 Dungeon Crawl Stone Soup version 0.24-a0-459-g225fefd530 (webtiles) character file.

Game seed: 14317149942550894598

3630 Peloso the Carver (level 9, -2/80 HPs)
             Began as a Minotaur Fighter on June 30, 2019.
             Was an Elder of Okawaru.
             Slain by a 15-headed hydra (7 damage)
             ... on level 7 of the Dungeon.
             The game lasted 00:11:09 (5078 turns).

Peloso the Carver (Minotaur Fighter)                Turns: 5078, Time: 00:11:10

Health: -2/80      AC: 18    Str: 27    XL:     9   Next: 87%
Magic:  8/8        EV:  7    Int:  5    God:    Okawaru [****..]
Gold:   274        SH: 12    Dex: 12    Spells: 8/8 levels left

rFire    . . .     SeeInvis .   a - +6 falchion
rCold    . . .     Gourm    .   c - +0 shield
rNeg     . . .     Faith    .   n - +0 plate armour
rPois    .         Spirit   .   (helmet restricted)
rElec    .         Reflect  .   (no cloak)
rCorr    .         Harm     .   k - +0 pair of gloves (curse)
MR       .....                  o - +2 pair of boots
Stlth    ..........             x - amulet of magic regeneration
HPRegen  0.23/turn              (no ring)
MPRegen  0.36/turn              (no ring)

@: mighty
A: retaliatory headbutt, horns 2
a: Heroism, Renounce Religion


You were on level 7 of the Dungeon.
You worshipped Okawaru.
Okawaru was greatly pleased with you.
You were very hungry.

You visited 2 branches of the dungeon, and saw 8 of its levels.

You collected 274 gold pieces.

Inventory:

Hand Weapons
 a - a +6 falchion (weapon)
Missiles
 l - 39 bolts
Armour
 b - a +0 scale mail
 c - a +0 shield (worn)
 k - a cursed +0 pair of gloves (worn)
 n - a +0 plate armour (worn)
 o - a +2 pair of boots (worn)
Jewellery
 x - an amulet of magic regeneration (around neck)
 B - an uncursed ring of fire {unknown}
Wands
 d - a wand of iceblast (12)
 z - a wand of acid (4)
Scrolls
 i - a scroll of enchant armour {unknown}
 j - 7 scrolls of identify {unknown}
 p - 5 scrolls of remove curse
 q - a scroll of magic mapping {unknown}
 s - a scroll of blinking {unknown}
 v - 3 scrolls of teleportation {unknown}
 y - a scroll of brand weapon {unknown}
Potions
 e - 2 potions of mutation {unknown}
 g - 2 potions of curing {unknown}
 h - a potion of haste {unknown}
 m - a potion of cancellation {unknown}
 r - a potion of agility {unknown}
 t - 2 potions of degeneration {unknown}
 u - a potion of lignification {unknown}
 w - 3 potions of flight {unknown}
 A - a potion of invisibility {unknown}
 D - a potion of heal wounds {unknown}
 E - a potion of brilliance {unknown}
Comestibles
 f - 10 rations


   Skills:
 + Level 7.7 Fighting
 + Level 11.0 Long Blades
 + Level 8.1 Armour
 + Level 1.7 Dodging
 + Level 0.5 Stealth
 + Level 8.8 Shields
 + Level 0.4 Invocations
 + Level 0.1 Evocations


You had 8 spell levels left.
You didn't know any spells.
Your spell library contained the following spells:

 Spells                   Type           Power        Failure   Level  Hunger
 Corona                   Hex            #......      100%        1    ##.....
 Ensorcelled Hibernation  Hex/Ice        #.....       100%        2    ###....
 Confuse                  Hex            #.......     100%        3    ####...
 Dazzling Spray           Conj/Hex       #.....       100%        3    ####...
 Tukima's Dance           Hex            #.......     100%        3    ####...


Dungeon Overview and Level Annotations

Branches:
Dungeon (7/15)             Temple (1/1) D:5

Altars:
Elyvilon
Fedhas
Kikubaaqudgha
Makhleb
Nemelex Xobeh
Okawaru
Qazlal
Sif Muna
Trog
Vehumet
Wu Jian
Xom
Yredelemnul
Zin
The Shining One


Innate Abilities, Weirdness & Mutations

You reflexively headbutt those who attack you in melee.
You have a pair of horns on your head.


Message History

The 13-headed hydra bites you but does no damage.
The 13-headed hydra bites you!
* * * LOW HITPOINT WARNING * * *
The 13-headed hydra closely misses you. You block the 13-headed hydra's attack.
The 13-headed hydra closely misses you.
The 13-headed hydra bites you but does no damage.
The 13-headed hydra bites you!
* * * LOW HITPOINT WARNING * * *
The 13-headed hydra bites you but does no damage.
You slice one of the 13-headed hydra's heads off!
The 12-headed hydra grows two more!
You slash the 14-headed hydra!
The 14-headed hydra is heavily wounded.
You slice one of the 14-headed hydra's heads off!
The 13-headed hydra grows two more!
You slice the 15-headed hydra!! You headbutt the 15-headed hydra.
The 15-headed hydra is severely wounded.
The 15-headed hydra bites you.
* * * LOW HITPOINT WARNING * * *
The 15-headed hydra bites you!
You die...

#.# #.# #.# ##.# ..# ##.#
####.y################
#....yD@.##..........#
#.##.y##.##.########.#.#
###.##..##.##.# #.#..
#.......##.##.# #.###
#y###...##.##.# #.#
#.D.##....# ####.###
#.....##### #...#...
...................##.###
#####....######### #.# #


You could see a 15-headed hydra and 3 killer bees.

Vanquished Creatures
  Harold (D:7)
  A hippogriff (D:7)
  Sigmund (D:3)
  A sky beast (D:5)
  5 ice beasts (D:6)
  2 phantoms (D:4)
  A necrophage (D:6)
  An ogre (D:6)
  2 centaurs
  2 bullfrogs
  2 scorpions
  A killer bee (D:7)
  5 wights (D:6)
  5 crimson imps
  A centaur zombie (D:6)
  3 jellies
  An orc priest (D:5)
  2 hounds
  5 orc wizards
  Ijyb (D:3)
  Jessica (D:3)
  2 iguanas
  7 worker ants
  A killer bee zombie (D:6)
  4 gnolls (D:5)
  A howler monkey skeleton (D:5)
  11 adders
  A shadow imp (D:5)
  2 adder skeletons
  3 adder zombies
  2 worms
  A dart slug (D:4)
  5 leopard geckos
  12 orcs
  6 giant cockroaches
  6 goblins
  10 hobgoblins
  11 jackals
  6 kobolds
  3 quokkas
  A ball python (D:4)
  4 bats
  14 frilled lizards
  2 jackal skeletons (D:6)
  A leopard gecko skeleton (D:6)
  7 rats
  2 plants (D:5)
169 creatures vanquished.

Notes
Turn   | Place    | Note
-------+----------+-------------------------------------------
     0 | D:1      | Peloso the Minotaur Fighter began the quest for the Orb.
     0 | D:1      | Reached XP level 1. HP: 19/19 MP: 0/0
   127 | D:1      | Reached XP level 2. HP: 27/27 MP: 1/1
   336 | D:1      | Reached XP level 3. HP: 33/34 MP: 2/2
   588 | D:2      | Found an iron altar of Okawaru.
   593 | D:2      | Became a worshipper of Warmaster Okawaru
   599 | D:2      | Reached skill level 3 in Long Blades
   599 | D:2      | Reached XP level 4. HP: 27/41 MP: 3/3
  1503 | D:3      | Reached skill level 4 in Long Blades
  1503 | D:3      | Reached XP level 5. HP: 40/47 MP: 4/4
  1543 | D:3      | Reached skill level 5 in Shields
  1558 | D:3      | Noticed Jessica
  1564 | D:3      | Killed Jessica
  1681 | D:3      | Noticed Sigmund
  1695 | D:3      | Killed Sigmund
  1695 | D:3      | Reached * piety under Okawaru
  1695 | D:3      | Reached skill level 5 in Long Blades
  1695 | D:3      | Reached XP level 6. HP: 33/55 MP: 5/5
  1774 | D:3      | Noticed Ijyb
  1781 | D:3      | Killed Ijyb
  1781 | D:3      | Reached skill level 5 in Fighting
  2073 | D:4      | Reached skill level 5 in Armour
  2086 | D:4      | Reached XP level 7. HP: 59/61 MP: 6/6
  2799 | D:5      | Entered Level 5 of the Dungeon
  2799 | D:5      | Found a staircase to the Ecumenical Temple.
  2806 | D:5      | Reached skill level 6 in Long Blades
  2814 | Temple   | Entered the Ecumenical Temple
  3085 | D:5      | Reached ** piety under Okawaru
  3085 | D:5      | Reached skill level 7 in Long Blades
  3085 | D:5      | Reached skill level 1 in Dodging
  3127 | D:5      | Reached XP level 8. HP: 45/69 MP: 7/7
  3414 | D:5      | Found a deep blue altar of Sif Muna.
  3852 | D:6      | Reached skill level 8 in Long Blades
  3983 | D:6      | Reached *** piety under Okawaru
  3986 | D:6      | Reached skill level 9 in Long Blades
  4059 | D:6      | Found a white marble altar of Elyvilon.
  4060 | D:6      | Found a sparkling altar of Nemelex Xobeh.
  4060 | D:6      | Found an ancient bone altar of Kikubaaqudgha.
  4210 | D:6      | Reached XP level 9. HP: 71/78 MP: 8/8
  4549 | D:6      | Reached skill level 10 in Long Blades
  4826 | D:7      | Noticed Harold
  4852 | D:7      | Killed Harold
  4852 | D:7      | Reached **** piety under Okawaru
  5051 | D:7      | Reached skill level 11 in Long Blades
  5058 | D:7      | Noticed a six-headed hydra
  5078 | D:7      | Slain by a 15-headed hydra

Levels and vault maps discovered:
D:1:      lightli_arrival_statuegarden, layout_basic, feat_on_display
D:2:      layout_basic, okawaru_ov_weapons_minmay
D:3:      layout_rooms, uniq_sigmund, uniq_jessica, uniq_ijyb
D:4:      layout_loops_corners, first_ration
D:5:      minmay_evil_eye, layout_rooms, minmay_temple_entry_mist, serial_bayou,
          serial_bayou_ford_a, serial_bayou_pond_c, serial_bayou_crossing,
          serial_bayou_pond_c, grunt_decor_fettered, tgw_sif
D:6:      cheibrodos_barr_body, layout_layer_cave,
          chequers_temple_overflow_statue_of_worship
D:7:      layout_loops_ring, uniq_harold
Temple:   nicolae_temple_x_marks_the_god

Skill      XL: |  1  2  3  4  5  6  7  8  9 |
---------------+----------------------------+-----
Fighting       | 4 5 6 7 |  7.7
Shields        | 4 5 6 7 8 |  8.8
Long Blades    | 3 4 5 7 9 11 | 11.0
Armour         | 4 5 6 7 8 |  8.1
Dodging        | 1 |  1.7
Stealth        | |  0.5
Invocations    | |  0.4
Evocations     | |  0.1

Action                   |  1- 3 |  4- 6 |  7- 9 || total
-------------------------+-------+-------+-------++-------
Melee: Long sword        |    64 |   162 |   268 ||   494
       Headbutt          |     9 |    25 |    78 ||   112
       Falchion          |       |       |   104 ||   104
Invok: Heroism           |       |     1 |       ||     1
Evoke: Wand              |       |       |     2 ||     2
  Use: Scroll            |       |     1 |       ||     1
       Potion            |       |     1 |     1 ||     2
  Eat: Chunk             |       |     4 |     6 ||    10
       Ration            |       |       |     1 ||     1
Armor: Scale mail        |    25 |    17 |       ||    42
       Plate armour      |       |   109 |   214 ||   323
Dodge: Dodged            |    32 |    32 |    42 ||   106
Block: Shield            |    48 |   102 |   164 ||   314
       Rpst.: Long sword |    15 |     8 |     5 ||    28
       Falchion          |       |       |     2 ||     2

Table legend:
 A = Non-vault XP
 B = Vault XP
 C = Vault XP percentage of total XP
 D = Non-vault monster count
 E = Vault monster count
 F = Vault count percentage of total count
                 A         B        C        D         E       F
            +---------+---------+-------+---------+---------+-------
      Total |    3174 |    2012 |  38.8 |     150 |      17 |  10.2
            +---------+---------+-------+---------+---------+-------
        D:1 |      46 |       0 |   0.0 |      28 |       0 |   0.0
        D:2 |     132 |       0 |   0.0 |      22 |       0 |   0.0
        D:3 |     104 |     287 |  73.4 |      26 |       3 |  10.3
        D:4 |     347 |       0 |   0.0 |      13 |       0 |   0.0
        D:5 |     528 |     277 |  34.4 |      20 |       4 |  16.7
        D:6 |    1383 |     478 |  25.7 |      27 |       9 |  25.0
        D:7 |     634 |     970 |  60.5 |      14 |       1 |   6.7
            +---------+---------+-------+---------+---------+-------
